 Dungeon Crawl Stone Soup version 0.30-b1-2-g02819fbbbe (webtiles) character file.

Game seed: 9179607488444081841

16919 Arcadio the Protected (level 12, -10/117 HPs)
             Began as an Armataur Monk on May 18, 2023.
             Was a Believer of Nemelex Xobeh.
             Mangled by an ice devil (18 damage)
             ... summoned by the player character
             ... on level 10 of the Dungeon.
             The game lasted 00:46:31 (19314 turns).

Arcadio the Protected (Armataur Monk)              Turns: 19314, Time: 00:46:38

Health: -10/117    AC: 15    Str: 21    XL:     12   Next: 14%
Magic:  7/7        EV:  7    Int: 11    God:    Nemelex Xobeh [**....]
Gold:   833        SH:  0    Dex: 13    Spells: 11/11 levels left

rFire   . . .        A - +1 flail (antimagic)
rCold   . . .        d - orb {light}
rNeg    . . .        Q - +0 chain mail
rPois   .            s - +0 helmet
rElec   .            (no cloak)
rCorr   .            F - +0 pair of gloves
SInv    +            (no barding)
Will    .....        (no amulet) Stlth
                     G - ring of magical power
HPRegen 0.39/turn    L - ring of see invisible
MPRegen 0.10/turn

%: roll
@: confused, ambrosia-drunk, glowing
A: large, rugged brown scales 3, deformed body, armoured tail, roll, long
tongue, awkward tongue
a: Renounce Religion, Draw Escape, Draw Destruction, Draw Summoning


You were on level 10 of the Dungeon.
You worshipped Nemelex Xobeh.
Nemelex Xobeh was pleased with you.
You visited 3 branches of the dungeon, and saw 14 of its levels.
You also visited: Sewer and Ossuary.

You collected 833 gold pieces.

Inventory:

Hand Weapons
 q - a +0 morningstar
 y - the +4 rapier "Terphil Epy" {pain, rC+ Will+}
   (You found it on level 4 of the Dungeon)

   rC:        It protects you from cold.
   Will:      It increases your willpower.
 A - a +1 antimagic flail (weapon)
 D - a +2 dire flail of protection
Missiles
 l - a throwing net (quivered)
Armour
 d - an orb of light (worn)
 p - a +0 hat
 s - a +0 helmet (worn)
 F - a +0 pair of gloves (worn)
 Q - a +0 chain mail (worn)
 R - a +2 leather armour of fire resistance
Jewellery
 a - a ring of protection from cold
 b - a ring of fire
 z - a ring of ice
 G - a ring of magical power (left hand)
 K - a ring of ice
 L - a ring of see invisible (right hand)
Wands
 u - a wand of mindburst (4)
 H - a wand of charming (1)
 N - a wand of iceblast (19)
 P - a wand of flame (36)
 S - a wand of quicksilver (4)
Scrolls
 c - 6 scrolls of fear
 e - 2 scrolls of immolation
 f - 3 scrolls of enchant armour
 g - a scroll of fog
 h - a scroll of poison {unknown}
 i - 2 scrolls of magic mapping {unknown}
 m - a scroll of enchant weapon
 n - a scroll of blinking {unknown}
 r - a scroll of identify
 w - 4 scrolls of vulnerability
 C - 4 scrolls of amnesia
 E - 3 scrolls of teleportation
 I - a scroll of butterflies {unknown}
 M - 4 scrolls of noise {unknown}
Potions
 j - 2 potions of cancellation
 k - 5 potions of flight
 o - 4 potions of mutation
 v - 2 potions of attraction
 x - 2 potions of invisibility
 B - 3 potions of lignification {unknown}
 J - 2 potions of might {unknown}
 O - 4 potions of ambrosia
 T - a potion of haste {unknown}


   Skills:
 + Level 11.0 Fighting
 + Level 11.1 Maces & Flails
 + Level 13.7 Armour
 - Level 2.1 Dodging


You had 11 spell levels left.
You didn't know any spells.
Your spell library contained the following spells:

 Spells                   Type           Power      Damage    Failure   Level
 Frozen Ramparts          Ice            0%         1d1       99%         3
 Vhi's Electric Charge    Tloc/Air       0%         N/A       99%         3
 Ice Form                 Ice/Tmut       0%         N/A       100%        4
 Manifold Assault         Tloc           0%         N/A       100%        4
 Passage of Golubria      Tloc           0%         N/A       100%        4
 Summon Ice Beast         Ice/Summ       0%         N/A       100%        4
 Arcjolt                  Conj/Air       0%         1d10      100%        5
 Silence                  Hex/Air        0%         N/A       100%        5
 Dispersal                Tloc           0%         N/A       100%        6
 Disjunction              Tloc           0%         N/A       100%        8
 Lehudib's Crystal Spear  Conj/Erth      0%         10d2      100%        8
 Maxwell's Capacitive Co  Air            0%         ∞         100%        8


Dungeon Overview and Level Annotations

Branches:
Dungeon (11/15) Zot: 26165  Temple (1/1) D:7 Zot: 5818    Lair (2/5) D:9 Zot: 8351
  Sewer (visited)         Ossuary (visited)
  Swamp: Lair:2-3    Shoals: Lair:2-3     Snake: Lair:2-3    Spider: Lair:2-3
    Orc: D:9-12

Altars:
Ashenzari
Cheibriados
Dithmenos
Elyvilon
Fedhas
Gozag
Hepliaklqana
Kikubaaqudgha
Makhleb
Nemelex Xobeh
Okawaru
Qazlal
Ru
Sif Muna
Trog
Uskayaw
Vehumet
Wu Jian
Xom
Yredelemnul
Zin
The Shining One

Shops:
D:1 (   D:3 [

Annotations:
D:8 2 transporters
Lair:1 3 runed translucent doors, Berhupt's ghost, journeyman AtFi; Tommers's ghost, journeyman FoEE


Innate Abilities, Weirdness & Mutations

You are completely covered in rugged brown scales. (AC +3, +7% HP)
Armour fits poorly on your strangely shaped body.
You have a long armoured tail.
You roll when moving toward enemies. (Rampage)
Your long tongue fully drains potion bottles. (2x potion effects)
Your tongue gives you trouble enunciating. (1.5x scroll delay)


Message History

The skeletal warrior is moderately damaged.
Your hell hound breathes flames at the skeletal warrior.
The blast of flame hits the skeletal warrior!
You draw a card...
You have drawn Vitriol.
Press: ? - help, Shift-Dir - straight line, f/p - skeletal warrior
Aim: a skeletal warrior, wielding a +0 war axe (moderately damaged, ally target, haloed)
The bolt of acid misses the skeletal warrior.
The ice devil hits you. The ice devil freezes you!
You hit the skeletal warrior but do no damage.
The skeletal warrior is moderately damaged.
Your hell hound bites the skeletal warrior but does no damage.
The skeletal warrior hits you with a +0 war axe!!
The skeletal warrior hits your hell hound with a +0 war axe.
Your hell hound dies!
Your hell hound's corpse disappears in a puff of smoke!
The skeletal warrior attacks as you move away!
The skeletal warrior hits you with a +0 war axe!
The ice devil hits you!
* * * LOW HITPOINT WARNING * * *
The ice devil freezes you!
* * * LOW HITPOINT WARNING * * *
Okay, then.
Okay, then.
Okay, then.
There are no items here.
Unknown command.
You draw a card...
You have drawn Wild Magic.
The ice devil jerks violently.
You feel a surge of magic.
The ice devil hits you but does no damage.
The skeletal warrior hits you but does no damage.
Okay, then.
You are confused.
You feel invigorated.
You slurp down every last drop of the potion of ambrosia!
The ice devil hits you.
* * * LOW HITPOINT WARNING * * *
The ice devil freezes you!!
You die...
Your body disappears without additional glow.

..###...#...#....^.........####..
......#................##### #..
....###...##.#..........## #..
..#..#....##.#...........#######.
####......##.#...................
# #.............................
# ##..###.....................#..
###...######.##.........###.#..#.
....>...........@4......# #..#.##
###...######.....z......# ##.....
# ##### ##........)..# #...). #
##.....<.>..# #..... #
#......).(.# ###### #
##........## ##......## ########


You could see a skeletal warrior and an ice devil (summoned).

Vanquished Creatures
  A two-headed ogre (D:9)
  Erica (D:9)
  A skeletal warrior (D:10)
  Pikel (D:6)
  2 black mambas
  5 cane toads
  A komodo dragon (Lair:1)
  A troll (D:9)
  A polar bear (Lair:2)
  A hornet (D:8)
  3 blink frogs (Lair:1)
  A wraith (D:10)
  28 yaks
  A wyvern (D:9)
  2 steam dragons
  2 basilisks
  An acid dragon (D:10)
  Duvessa (D:7)
  3 water moccasins
  2 orc warriors
  6 wolves (Lair:1)
  2 black bears
  5 centaurs
  A lemure (D:7)
  3 kobold brigands (Sewer)
  5 bullfrogs
  2 wyvern zombies (Ossuary)
  2 scorpions
  2 water moccasin zombies (Ossuary)
  6 wights
  Dowan (D:7)
  8 killer bees
  4 howler monkeys
  3 electric eels
  A centaur zombie (Ossuary)
  9 bullfrog zombies (Ossuary)
  A jelly (D:3)
  5 orc priests
  7 hounds
  An iron imp (D:5)
  11 orc wizards
  2 sleepcaps (D:6)
  3 killer bee zombies (Ossuary)
  11 mummies
  Robin (D:1)
  3 howler monkey zombies (Ossuary)
  22 adders
  5 river rats
  3 white imps
  An ufetubus (D:6)
  3 worms (Sewer)
  3 dart slugs
  32 orcs
  6 bats
  12 endoplasms
  7 giant cockroaches
  5 hobgoblins
  11 jackals
  10 kobolds
  4 quokkas
  7 ball pythons
  3 frilled lizards (D:1)
  13 goblins
  2 goblin skeletons (D:6)
  A goblin zombie (D:6)
  A hobgoblin zombie (D:7)
  2 kobold skeletons (D:6)
  2 kobold zombies (D:6)
  2 orc skeletons (D:6)
  8 rats
  A bush (Lair:1)
330 creatures vanquished.

Vanquished Creatures (collateral kills)
  A skeletal warrior (D:10)
  3 yaks
  A jelly (D:7)
  A goblin zombie (D:7)
6 creatures vanquished.

Vanquished Creatures (others)
  A yak (D:7)
  A killer bee (D:11)
  4 bushes (Lair:1)
  22 fungi
  95 plants
  14 withered plants
137 creatures vanquished.

Grand Total: 473 creatures vanquished

Notes
Turn   | Place    | Note
-------+----------+-------------------------------------------
     0 | D:1      | Arcadio the Armataur Monk began the quest for the Orb.
     0 | D:1      | Reached XP level 1. HP: 19/19 MP: 1/1
    56 | D:1      | Found Dexad's Weapon Emporium.
   280 | D:1      | Reached skill level 1 in Armour
   280 | D:1      | Reached XP level 2. HP: 26/26 MP: 2/2
   956 | D:2      | Reached XP level 3. HP: 29/33 MP: 3/3
  1169 | D:2      | Identified the +2 pair of boots of Lies {rPois Int+6}
  1275 | D:2      | Noticed Robin
  1278 | D:2      | Reached skill level 2 in Armour
  1450 | D:1      | Killed Robin
  1902 | D:3      | Reached XP level 4. HP: 34/40 MP: 4/4
  1910 | D:3      | Found Intezut's Armour Shop.
  1948 | D:3      | Found a hazy altar of Hepliaklqana.
  2200 | D:3      | Reached skill level 3 in Armour
  2207 | D:3      | Found a glowing drain.
  2215 | Sewer    | Entered a sewer
  2264 | Sewer    | Noticed a kobold brigand
  2308 | Sewer    | Killed a kobold brigand
  2309 | Sewer    | Reached XP level 5. HP: 33/49 MP: 5/5
  3025 | Sewer    | Reached skill level 4 in Armour
  3025 | Sewer    | Reached XP level 6. HP: 34/55 MP: 6/6
  4305 | D:4      | Reached XP level 7. HP: 62/62 MP: 7/7
  4328 | D:4      | Reached skill level 5 in Armour
  4437 | D:4      | Identified the +4 rapier "Terphil Epy" {pain, rC+ Will+}
  4788 | D:5      | Entered Level 5 of the Dungeon
  5289 | D:5      | Reached skill level 5 in Fighting
  5289 | D:5      | Reached skill level 5 in Maces & Flails
  6299 | D:6      | Reached skill level 6 in Armour
  6480 | D:6      | Found a glowing golden altar of the Shining One.
  6665 | D:5      | Reached XP level 8. HP: 60/70 MP: 8/8
  6855 | D:6      | Became a worshipper of the Shining One
  6855 | D:6      | Reached * piety under the Shining One
  6855 | D:6      | Reached ** piety under the Shining One
  7183 | D:6      | Reached skill level 7 in Armour
  7490 | D:7      | Reached skill level 8 in Armour
  7496 | D:7      | Reached XP level 9. HP: 35/83 MP: 4/9
  7737 | D:7      | Found a sand-covered staircase.
  7742 | Ossuary  | Entered an ossuary
  7819 | Ossuary  | Reached *** piety under the Shining One
  8031 | Ossuary  | Reached skill level 9 in Armour
  8109 | Ossuary  | Reached **** piety under the Shining One
  8428 | D:7      | Noticed Pikel
  8456 | D:6      | Killed Pikel
  8566 | D:7      | Found a staircase to the Ecumenical Temple.
  8572 | Temple   | Entered the Ecumenical Temple
  8693 | Temple   | Fell from the grace of the Shining One
  8693 | Temple   | Became a worshipper of Nemelex Xobeh the Trickster
  8762 | D:7      | Noticed Dowan
  8763 | D:7      | Noticed Duvessa
  8787 | D:7      | Killed Duvessa
  8796 | D:7      | Killed Dowan
  8888 | D:7      | Found a snail-covered altar of Cheibriados.
  8985 | D:7      | Reached XP level 10. HP: 58/94 MP: 6/10
  9776 | D:7      | Reached skill level 10 in Armour
 11107 | D:8      | Found a transporter.
 11126 | D:8      | Found a transporter.
 11186 | D:8      | Reached * piety under Nemelex Xobeh
 11354 | D:8      | Found a basalt altar of Yredelemnul.
 11479 | D:9      | Noticed Erica
 11523 | D:9      | Found a staircase to the Lair.
 11530 | D:9      | Noticed a two-headed ogre
 11832 | D:9      | Killed Erica
 11833 | D:9      | Reached skill level 11 in Armour
 11840 | D:9      | Killed a two-headed ogre
 13226 | D:10     | Entered Level 10 of the Dungeon
 13240 | D:10     | Received a gift from Nemelex Xobeh
 13258 | D:9      | Reached XP level 11. HP: 75/103 MP: 6/11
 13525 | Lair:1   | Entered Level 1 of the Lair of Beasts
 13608 | Lair:1   | Noticed a catoblepas
 14019 | Lair:1   | Reached skill level 12 in Armour
 14072 | Lair:1   | Reached skill level 10 in Maces & Flails
 14450 | Lair:1   | Reached skill level 10 in Fighting
 15101 | Lair:1   | Noticed a catoblepas
 15493 | Lair:1   | Reached ** piety under Nemelex Xobeh
 15578 | Lair:1   | Found a runed translucent gate.
 15578 | Lair:1   | Found a runed translucent gate.
 15581 | Lair:1   | Noticed Berhupt's ghost (journeyman AtFi)
 15583 | Lair:1   | Found a runed translucent gate.
 15585 | Lair:1   | Noticed Tommers's ghost (journeyman FoEE)
 15860 | Lair:2   | Reached skill level 13 in Armour
 16875 | Lair:2   | Noticed a death yak
 17817 | D:10     | Identified the +9 glaive "Jedonkeo" {freeze, rElec rF+++
                  | Int-3}
 17861 | D:10     | Received a gift from Nemelex Xobeh
 17897 | D:10     | Reached XP level 12. HP: 41/115 MP: 7/12
 18956 | D:11     | Noticed a boulder beetle
 19314 | D:10     | Mangled by an ice devil

Illustrated notes

Levels and vault maps discovered:
D:1:      saegor_arrival_simple_e, layout_loops_cross, serial_shops,
          nicolae_shop_just_a_little_nook
D:2:      layout_loops_cross, uniq_robin
D:3:      layout_rooms, old_standard_altar, serial_shops, shop,
          portal_sewer_entry_e, grunt_decor_mini_mirrors
D:4:      layout_cave_pools, chequers_serial_rivers_micro_b
D:5:      layout_loops_ring, kennysheep_generic_room_9
D:6:      layout_loops_ring, nicolae_tso_besieged_by_evil,
          kennysheep_small_circle
D:7:      layout_rooms, nicolae_overflow_crystal_walls,
          minmay_temple_entry_waves, nicolae_ossuary_entry_giza, uniq_pikel,
          uniq_duvessa
D:8:      gammafunk_wand_slinger, layout_basic, mainiacjoe_overflow_chevrons,
          sigmund_army
D:9:      layout_cave_pools, dpeg_oklobed_lair, uniq_erica
D:10:     layout_rooms
D:11:     layout_stronghold, david_orc_3, serial_bayou, serial_bayou_pond_c,
          serial_bayou_lagoon_a, serial_bayou_crossing, serial_bayou_ford_a,
          serial_shops, nicolae_shop_mannequins, nicolae_shop_firing_range
Temple:   compressed_dpeg_circular_temple
Lair:1:   minmay_lair_venomous_thicket, layout_cave_pods,
          gammafunk_ghost_cemetery, minmay_stone_trees_small,
          nicolae_lair_lil_pond, minivault_19, minivault_11,
          nicolae_lair_grazing_beasts [nicolae_sub_lair_graze_edge,
          nicolae_sub_lair_graze_edge, nicolae_sub_lair_graze_edge,
          nicolae_sub_lair_graze_edge]
Lair:2:   layout_concentric_octagons, hangedman_tree_tricks, grunt_megastairs_4

Skill      XL: |  1  2  3  4  5  6  7  8  9 10 11 12 |
---------------+-------------------------------------+-----
Armour         | 1 2 3 4 6 8 9 11 13 | 13.7
Maces & Flails | 3 4 5 6 8 9 10 11 | 11.1
Fighting       | 3 4 5 6 8 9 10 11 | 11.0
Dodging        | |  2.1

Action                     |  1- 3 |  4- 6 |  7- 9 | 10-12 || total
---------------------------+-------+-------+-------+-------++-------
  Melee: Mace              |    15 |    14 |    20 |       ||    49
         Tailslap          |    14 |    31 |    94 |   148 ||   287
         Dagger            |    73 |   174 |       |       ||   247
         Rapier            |       |       |   102 |       ||   102
         Flail             |       |       |   291 |   559 ||   850
 Invoke: Divine Shield     |       |       |     3 |       ||     3
         Draw Destruction  |       |       |       |    16 ||    16
         Draw Summoning    |       |       |       |     4 ||     4
         Draw Escape       |       |       |       |     1 ||     1
  Evoke: Wand              |       |       |     2 |     9 ||    11
    Use: Potion            |       |     1 |     3 |    12 ||    16
         Scroll            |       |     3 |    10 |    11 ||    24
   Stab: Petrified         |       |       |       |     1 ||     1
 Armour: Robe              |    33 |    27 |       |       ||    60
         Scale mail        |       |    30 |   199 |       ||   229
         Chain mail        |       |       |       |   325 ||   325
  Dodge: Dodged            |    49 |    87 |   144 |   222 ||   502
  Block: Orb               |       |       |    15 |       ||    15
